Map: Ever Dream LE

Players

iGMacSed (MacSed)

  • Race: Protoss Protoss
  • League: Master
  • Spawn Location: 1:00

JieShi - Winner!

  • Race: Protoss Protoss
  • Spawn Location: 7:00

Event: DreamHack SC2 Masters 2020 Fall

VOD

Have the link to the VOD?

Description

Time

  • Played on: Sept. 6, 2020, 8:07 a.m.
  • Length: 12:19

All games in this series

Show
View Real Time Build Order
Export as new Build Order

iGMacSed Protoss 

Build Orders: Oracle Opening 

Get SALT Encoding   

  12  0:00  Probe  
  13  0:12  Probe  
  14  0:17  Pylon  
  14  0:24  Probe (Chrono Boost)  
  15  0:36  Gateway, Probe (Chrono Boost)  
  16  0:44  Probe (Chrono Boost)  
  16  0:45  Assimilator  
  17  0:50  Probe  
  17  0:56  Assimilator  
  18  1:03  Probe (Chrono Boost)  
  19  1:08  Gateway  
  20  1:12  Probe (Chrono Boost)  
  20  1:17  Probe (Chrono Boost)  
  20  1:23  Cybernetics Core  
  21  1:29  Probe  
  22  1:36  Pylon  
  22  1:41  Probe  
  23  1:54  Probe  
  23  2:01  Sentry, Warp Gate, Stalker  
  28  2:12  Pylon  
  28  2:13  Probe  
  29  2:30  Stalker  
  29  2:31  Stalker  
  33  2:52  Stargate  
  33  3:01  Shield Battery  
  33  3:07  Shield Battery  
  33  3:11  Nexus  
  33  3:12  Shield Battery  
  33  3:24  Probe  
  34  3:30  Pylon  
  34  3:33  Oracle (Chrono Boost)  
  34  3:39  Gateway  
  37  3:49  Adept x2  
  37  3:52  Probe  
  42  4:00  Oracle (Chrono Boost)  
  45  4:04  Probe  
  46  4:17  Gateway, Probe  
  43  4:32  Probe (Chrono Boost)  
  43  4:33  Probe (Chrono Boost)  
  45  4:39  Twilight Council  
  45  4:43  Adept x2  
  45  4:44  Probe (Chrono Boost)  
  45  4:45  Probe (Chrono Boost)  
  51  4:49  Probe (Chrono Boost)  
  51  4:50  Probe (Chrono Boost)  
  53  4:58  Probe  
  54  5:00  Probe  
  54  5:07  Stalker x2  
  54  5:10  Probe  
  54  5:12  Probe  
  54  5:13  Shield Battery  
  57  5:22  Probe  
  57  5:23  Blink (Chrono Boost)  
  55  5:30  Adept x2  
  55  5:31  Probe  
  55  5:34  Probe  
  60  5:43  Probe  
  60  5:44  Pylon  
  60  5:45  Assimilator  
  60  5:48  Gateway, Probe  
  62  5:56  Pylon  
  62  6:02  Probe x2  
  62  6:03  Stalker x2  
  68  6:14  Probe x2  
  68  6:32  Stalker x2  
  69  6:39  Nexus  
  67  6:42  Pylon  
  67  6:43  Robotics Facility  
  67  6:44  Pylon  
  67  6:46  Pylon  
  67  6:47  Stalker  
  67  6:49  Probe  
  67  6:50  Probe  
  71  6:57  Stalker x2  
  75  7:01  Probe  
  75  7:02  Probe  
  75  7:03  Charge  
  77  7:11  Forge  
  77  7:13  Probe  
  78  7:21  Gateway  
  78  7:22  Gateway  
  78  7:24  Gateway  
  78  7:29  Gateway  
  78  7:33  Gateway  
  78  7:50  Stalker x3  
  84  7:52  Shield Battery  
  84  7:55  Shield Battery  
  84  7:57  Immortal (Chrono Boost)  
  84  7:58  Protoss Ground Weapons Level 1 (Chrono Boost)  
  88  8:11  Pylon  
  88  8:13  Sentry x2  
  92  8:26  Immortal (Chrono Boost)  
  92  8:32  Adept x2  
  100  8:38  Stalker x4  
  105  8:43  Zealot x2  
  107  8:52  Pylon x2  
  107  8:54  Zealot x2  
  104  9:06  Zealot x5  
  86  9:20  Stalker x3  
  84  9:29  Shield Battery  
  78  9:34  Stalker x3  
  63  9:46  Stalker x3  
  67  9:59  Zealot x4  
  75  10:04  Observer (Chrono Boost)  
  76  10:11  Sentry x2  
  76  10:12  Observer, Stalker  
  82  10:16  Shield Battery  
  82  10:18  Stalker  
  84  10:26  Immortal (Chrono Boost)  
  84  10:45  Nexus  
  84  10:46  Sentry  
  82  10:50  Assimilator  
  82  10:53  Zealot x2  
  86  10:58  Immortal (Chrono Boost)  
  90  11:05  Pylon  
  90  11:14  Robotics Bay  
  89  11:29  Shield Battery  
  87  11:35  Stalker x3  
  93  11:41  Shield Battery  
  87  11:54  Stalker x4  
  75  12:02  Stalker  
Show
View Real Time Build Order
Export as new Build Order

JieShi Protoss - Winner!

Build Orders:  

Get SALT Encoding   

  12  0:00  Probe  
  13  0:12  Probe  
  14  0:17  Pylon  
  14  0:24  Probe (Chrono Boost)  
  16  0:36  Probe (Chrono Boost)  
  16  0:37  Gateway  
  16  0:43  Probe (Chrono Boost)  
  16  0:46  Assimilator  
  17  0:51  Probe  
  17  0:54  Assimilator  
  18  1:03  Probe (Chrono Boost)  
  19  1:07  Gateway  
  19  1:12  Probe (Chrono Boost)  
  19  1:17  Probe (Chrono Boost)  
  20  1:24  Cybernetics Core  
  21  1:29  Probe  
  22  1:34  Pylon  
  22  1:41  Probe  
  23  1:53  Probe  
  24  2:00  Warp Gate  
  24  2:01  Adept x2  
  28  2:14  Pylon  
  28  2:32  Adept x2  
  32  2:43  Nexus  
  32  2:45  Probe  
  32  2:57  Probe  
  33  3:02  Sentry x2, Pylon  
  37  3:09  Probe  
  38  3:14  Shield Battery  
  38  3:22  Probe  
  39  3:28  Twilight Council  
  39  3:32  Shield Battery  
  39  3:35  Probe (Chrono Boost)  
  40  3:46  Probe (Chrono Boost)  
  41  3:52  Robotics Facility, Probe (Chrono Boost)  
  42  3:57  Probe (Chrono Boost)  
  44  4:06  Probe x2 (Chrono Boost)  
  44  4:07  Blink  
  45  4:13  Stalker  
  48  4:21  Probe, Stalker  
  48  4:23  Probe  
  48  4:34  Probe  
  48  4:38  Probe  
  50  4:43  Stalker  
  52  4:46  Probe  
  52  4:47  Observer  
  52  4:50  Probe (Chrono Boost)  
  55  4:57  Forge  
  55  4:58  Probe (Chrono Boost)  
  55  4:59  Stalker  
  58  5:05  Probe (Chrono Boost)  
  53  5:09  Probe (Chrono Boost)  
  55  5:14  Probe (Chrono Boost), Stalker  
  55  5:17  Probe (Chrono Boost)  
  55  5:19  Probe (Chrono Boost)  
  56  5:24  Probe  
  55  5:28  Probe  
  55  5:30  Protoss Ground Weapons Level 1 (Chrono Boost), Stalker  
  54  5:36  Probe (Chrono Boost)  
  54  5:44  Stalker  
  54  5:46  Probe (Chrono Boost)  
  54  5:48  Probe (Chrono Boost)  
  57  5:52  Assimilator  
  57  5:53  Probe (Chrono Boost)  
  57  5:54  Probe (Chrono Boost)  
  59  6:01  Pylon  
  59  6:03  Probe  
  56  6:04  Probe, Pylon  
  56  6:08  Stalker x2  
  61  6:15  Probe  
  62  6:19  Probe  
  62  6:30  Probe (Chrono Boost)  
  62  6:31  Probe (Chrono Boost)  
  64  6:35  Sentry  
  67  6:40  Gateway x2  
  67  6:41  Probe (Chrono Boost)  
  67  6:42  Gateway x2  
  67  6:43  Probe (Chrono Boost)  
  67  6:46  Probe (Chrono Boost)  
  68  6:49  Warp Prism (Chrono Boost)  
  72  6:56  Assimilator  
  72  6:58  Probe  
  72  7:00  Pylon  
  73  7:04  Pylon  
  72  7:08  Sentry, Gateway  
  72  7:09  Stalker  
  76  7:16  Immortal (Chrono Boost)  
  80  7:23  Photon Cannon  
  80  7:27  Pylon  
  80  7:34  Stalker x2  
  84  7:50  Stalker x3  
  84  7:51  Stalker  
  90  8:08  Observer, Stalker x3  
  96  8:15  Stalker x3  
  102  8:30  Observer  
  102  8:35  Pylon  
  102  8:38  Nexus  
  102  8:40  Pylon  
  100  8:50  Stalker  
  102  8:59  Sentry x2, Stalker x2  
  102  9:00  Stalker x2  
  104  9:16  Stalker  
  96  9:25  Sentry x2  
  96  9:26  Stalker x2  
  96  9:27  Sentry  
  96  9:28  Stalker  
  98  9:45  Stalker  
  90  9:53  Observer  
  90  9:55  Sentry x2, Stalker  
  90  9:58  Zealot x2, Stalker  
  102  10:03  Photon Cannon, Probe (Chrono Boost)  
  105  10:10  Probe x2 (Chrono Boost)  
  105  10:13  Probe (Chrono Boost)  
  106  10:21  Stalker x3  
  106  10:22  Stalker  
  106  10:27  Stalker  
  113  10:31  Pylon  
  113  10:51  Photon Cannon, Probe  
  113  10:52  Shield Battery, Probe x2  
  113  10:56  Sentry, Stalker  
  120  11:03  Probe  
  121  11:05  Pylon  
  121  11:14  Stalker x3  
  121  11:16  Stalker  
  129  11:24  Probe  
  128  11:34  Stalker x2  
  128  11:35  Stalker  
  134  11:43  Stalker x3  
  134  11:57  Stalker  
  120  12:06  Stalker x2  
  120  12:07  Stalker  

Tags
 
Add a new tag
Caveats
  • Supply blocks, unpowered buildings, or Contaminate may cause inaccurate times.
  • Supply counts are checked every 10 seconds.